 Dungeon Crawl Stone Soup version 0.19-a0-593-gf2cdb02 (webtiles) character file.

214 tyrsky the Ruffian (level 5, 0/45 HPs)
             Began as a Minotaur Monk on June 10, 2016.
             Shot with an arrow by a centaur (8 damage)
             ... on level 4 of the Dungeon.
             The game lasted 00:05:08 (3018 turns).

tyrsky the Ruffian (Minotaur Monk)                  Turns: 3018, Time: 00:05:08

Health: 0/45       AC:  2    Str: 17      XL:     5   Next: 60%
Magic:  4/4        EV: 14    Int:  4 (7)  God:
Gold:   216        SH:  0    Dex: 12      Spells: 0 memorised, 4 levels left

rFire  . . .     SeeInvis .       - Unarmed
rCold  . . .     Gourm    .     t - +0 robe {MR+}
rNeg   . . .     Faith    .     (no shield)
rPois  .         Spirit   .     (helmet restricted)
rElec  .         Dismiss  .     (no cloak)
rCorr  .         Reflect  .     (no gloves)
SustAt .         Harm     .     (no boots)
MR     +....     Rnd*Tele +     q - amulet of rage
Stlth  ++........               (no ring)
                                d - ring of teleportation (curse)

@: somewhat resistant to hostile enchantments, unstealthy
A: retaliatory headbutt, horns 2
a: Evoke Berserk Rage


You were on level 4 of the Dungeon.
You were near starving.

You visited 1 branch of the dungeon, and saw 4 of its levels.

You collected 216 gold pieces.

Inventory:

Armour
 a - a +0 robe
 t - a +0 robe of magic resistance (worn)
Jewellery
 d - a cursed ring of teleportation (left hand)
 e - an uncursed amulet of harm {unknown}
 q - an amulet of rage (around neck)
Scrolls
 c - a scroll of remove curse {unknown}
 g - 2 scrolls of identify {unknown}
 h - a scroll of magic mapping {unknown}
 k - a scroll of random uselessness {unknown}
 m - a scroll of enchant weapon {unknown}
 n - 2 scrolls of immolation {unknown}
 o - 2 scrolls of recharging {unknown}
 s - a scroll of blinking {unknown}
 u - a scroll of fear {unknown}
Comestibles
 b - 5 bread rations
 i - a meat ration
 j - a royal jelly


   Skills:
 - Level 3.6 Fighting
 + Level 4.7 Dodging
 * Level 3.8 Stealth
 + Level 5.2 Unarmed Combat


You had 4 spell levels left.
You didn't know any spells.

Dungeon Overview and Level Annotations

Branches:
Dungeon (4/15)
 Temple: D:4-7

Altars:
Ashenzari
Gozag


Innate Abilities, Weirdness & Mutations

You reflexively headbutt those who attack you in melee.
You have a pair of horns on your head.


Message History

You are too injured to fight recklessly!
You are too injured to fight recklessly!
You are too injured to fight recklessly!
You are too injured to fight recklessly!
You are too injured to fight recklessly!
You are too injured to fight recklessly!
You are too injured to fight recklessly!
You are too injured to fight recklessly!
You are too injured to fight recklessly!
You are too injured to fight recklessly!
You are too injured to fight recklessly!
You are too injured to fight recklessly!
You are too injured to fight recklessly!
The centaur shoots an arrow.
The arrow hits you!
The centaur shoots an arrow.
The arrow hits you!
* * * LOW HITPOINT WARNING * * *
Found a bubbling black potion.
Found a stone staircase leading down.
You see here 2 arrows.
The centaur shoots an arrow.
The arrow hits you!
You die...

#############
..[.........#
............#
.!..........#
............#####
.........(..'.....
........(...##.###
.......H....# .#
......>.....#
.......c.......
............#..P
............##.P
............# ..
###>.........
#s##########


You could see a centaur and a scorpion (wandering).

Vanquished Creatures
  An orc priest (D:3)
  2 worker ants (D:4)
  Robin (D:3)
  3 adders
  An ooze (D:3)
  An adder zombie (D:3)
  2 orcs (D:3)
  3 giant cockroaches
  24 goblins
  10 hobgoblins
  7 jackals
  8 kobolds
  A quokka (D:2)
  6 bats
  6 giant newts
  9 rats
85 creatures vanquished.

Notes
Turn   | Place    | Note
--------------------------------------------------------------
     0 | D:1      | tyrsky the Minotaur Monk began the quest for the Orb.
     0 | D:1      | Reached XP level 1. HP: 19/19 MP: 0/0
   265 | D:1      | Reached XP level 2. HP: 26/26 MP: 1/1
   709 | D:2      | Reached XP level 3. HP: 31/31 MP: 2/2
  1078 | D:2      | Found an opulent altar of Gozag.
  1356 | D:3      | Found a shattered altar of Ashenzari.
  1455 | D:3      | Reached XP level 4. HP: 37/39 MP: 3/3
  1792 | D:3      | Noticed Robin
  1816 | D:3      | Killed Robin
  1993 | D:3      | Reached skill level 5 in Unarmed Combat
  2495 | D:3      | Reached XP level 5. HP: 13/45 MP: 4/4
  2864 | D:4      | Noticed an ogre
  3016 | D:4      | Noticed a centaur
  3018 | D:4      | Shot with an arrow by a centaur

Vault maps used:
D:1:      noname_arrival_rooms_in_the_neighbourhood
D:2:      nicolae_overflow_hidden_temple, st_stairs_6
D:3:      kennysheep_goblin_castle, nicolae_overflow_crystal_walls, first_bread,
          kennysheep_boxes
D:4:      good_gods_mini_temple, cheibriados_altar_1,
          fedhas_bush_and_centaur_altar, minmay_temple_entry_trees

Skill      XL: |  1  2  3  4 |
---------------+-------------+-----
Stealth        | 2 3 |  3.8
Dodging        | 4 |  4.7
Unarmed Combat | 5 |  5.2
Fighting       | |  3.6

Action                   |  1- 3 |  4- 6 || total
-------------------------+-------+-------++-------
Melee: Unarmed           |    88 |    81 ||   169
       Headbutt          |    11 |    13 ||    24
       Punch             |       |     2 ||     2
  Use: Potion            |       |     4 ||     4
 Stab: Sleeping          |     6 |     2 ||     8
  Eat: Chunk             |     1 |     4 ||     5
Armor: Robe              |    11 |     6 ||    17
       Skin              |       |     1 ||     1
Dodge: Dodged            |    49 |    66 ||   115
